 Dungeon Sprint DCSS version 0.03.2.1-72-g33da5a4ea5 (webtiles) character file.

Game seed: 3349840697828375122, levelgen mode: deterministic

19941 esc the Acrobat (level 12, 0/7 HPs) Fairy Earth Elementalist. Began on Feb 13, 2021. Was the Champion of Vehumet. Succumbed to a death drake's dark miasma ... in the Dungeon (Sprint III: "The Ten Rune Challenge"). The game lasted 00:10:37 (1287 turns).

esc the Acrobat (Fairy Earth Elementalist)          Turns: 1287, Time: 00:10:37

Health: 0/7        AC:  0    Str:  2    XL:     12 ^: 9545
Magic:  7/7        EV: 48    Int: 22    God:    Vehumet [6* [200]]
Gold:   4882       SH:  0    Dex: 19    Spells: 48/49 levels left

rFire    . . .     Vision   .   q - amulet of chaos
rCold    + . .     Gourm    .
rNeg     . . .     Faith    .
rPois    .         Spirit   .
rElec    +         Reflect  .
rCorr    +         Harm     .
MR       ++...     NoTele   +
Stlth    +.........
HPRegen  0.12/turn
MPRegen  0.17/turn

@: lethally poisoned (0 -> -2), flying, slowed, glowing, very slow
A: tiny, no armour or weapons, only one jewelry slot, no melee attacks, fairy
magic, fairy shield, fairy light, decreased potion and divine healing, screaming
1, slowness 1, able to fly, insubstantial
a: Stop Flying, Renounce Religion


You were in the Dungeon.
You worshipped Vehumet.
Vehumet was exalted by your worship.
You were hungry.

You visited 1 branch You collected 5262 gold pieces.
You spent 380 gold pieces at shops.

Inventory:

Jewellery
 q - an amulet of chaos (around core)
Wands
 m - a wand of flame (3)
 p - a wand of hasting (5)
Scrolls
 h - a scroll of blinking
 i - a scroll of holy word
 j - 3 scrolls of bless item
 l - a scroll of amnesia
Potions
 c - 2 potions of curing
 d - a potion of heal wounds
 e - 2 potions of haste
 f - 2 potions of magic
 g - 2 potions of berserk rage
 k - 3 potions of might
 n - a potion of agility
 o - a potion of cancellation
Comestibles
 a - 13 chunks of flesh
 b - 6 rations


   Skills:
 + Level 22.1 Dodging
 - Level 1.4 Stealth
 + Level 19.2 Spellcasting
   Level 1.0 Transmutations
 + Level 18.0 Earth Magic


You had 48 spell levels left.
You knew the following spells:

 Your Spells              Type           Power        Failure   Level  Hunger
a - Glitter               Erth           50 (50)      0%          1    None

Your spell library contained the following spells:

 Spells                   Type           Power        Failure   Level  Hunger
 Chaotic Arrow            Erth           50 (50)      0%          3    None
 Ephemeral Spirits        Fire           21 (25)      1%          1    None
 Lesser Chaos Bolt        Air            21 (25)      1%          1    None
 Lick                     Fire           21 (30)      1%          1    None
 Passwall                 Tmut/Erth      58 (120)     1%          2    None
 Alchemize Poison         Fire/Tmut      23 (100)     1%          3    None
 Well of Chaos            Hex/Fire       21 (100)     1%          3    None
 Chaos Rope               Tloc/Erth      57 (200)     1%          4    None
 Petrify                  Tmut/Erth      58 (100)     1%          4    None
 Chaos Bolt               Fire/Erth      57 (200)     1%          5    None
 Methodical Deconstructi  Erth           79 (200)     1%          5    None
 Steve's Chaos Explosion  Erth           79 (200)     1%          5    None
 Explosive Entropic Shar  Ice            21 (100)     7%          4    None
 Chaos Burst              Fire           21 (200)     17%         5    None
 Cause Fear               Hex            21 (200)     24%         4    None
 Chaos Bolt               Ice            21 (200)     65%         6    ####...
 Chaos Bolt               Fire           21 (200)     65%         6    ####...
 Dragon's Call            Summ           21 (200)     100%        9    #######
 Dragon Form              Tmut           Unusable     N/A         7    N/A

Dungeon Overview and Level Annotations

Branches:
Dungeon (1/1)

Altars:
Cheibriados
Dithmenos
Elyvilon
Fedhas Madash
Gozag Ym Sagoz
Hepliaklqana
Kikubaaqudgha
Makhleb
Nemelex Xobeh
Okawaru
Qazlal
Ru
Sif Muna
Trog
Uskayaw
Vehumet
Wu Jian
Xom
Yredelemnul
Zin
The Shining One
Beogh
Jiyva
Lugonu

Shops:
D !


Innate Abilities, Weirdness & Mutations

You are too small to use any gear.
You can wear a single ring or amulet completely around your body.
You are incapable of melee of any kind.
Your magic reserves are extremely low but spells that normally cost one mana are free and all other spells cost one mana.
You are extremely frail but all attacks that strike you do exactly one damage.
You exude a bright light in a small radius around yourself.
The effect of potions and godly healing effects is reduced to match your tiny health and magic reserves.
You cover ground slowly.
You can fly continuously.
Your insubstantial form boosts your evasion and grants immunity to sticky flames, nets and constriction.
You occasionally shout uncontrollably at your foes.


Message History

The chaotic shard of blessed fire hits the death drake (27)!!
The death drake is heavily wounded. (43/84) HP The death drake misses you (0).
The death drake completely misses you (0).
Casting: Glitter (safe; 0% risk of failure)
Confirm with . or Enter, or press ? or * to list all spells.
Aiming: Glitter (safe; 0% risk of failure)
Press: ? - help, Shift-Dir - straight line, f/p - death drake
Aim: a death drake (foul pestilence, heavily wounded (44/84), haloed, inner chaos)
The chaotic shard of fire hits the death drake (16)!
The death drake is severely wounded. (28/84) HP You are feeling hungry.
The death drake bites you (5).
* * * LOW HITPOINT WARNING * * *
The death drake exhales a sickening wave of foul miasma around you.
The foul vapour misses you.
You feel better.
You are engulfed in dark miasma (9)!
You are lethally poisoned!
* * * LOW HITPOINT WARNING * * *
You die...

...≈.#≈≈♣♣♣♣♣♣♣♣♣♣♣♣♣♣♣♣PP#.^..^.
♣♣♣♣♣#≈.♣♣♣♣♣♣♣♣♣♣♣♣♣♣♣♣♣♣##)####
♣♣♣♣♣###'♣♣♣♣♣♣♣♣♣♣♣♣♣♣♣♣ #...)§§
♣♣♣♣♣.##..##≈%≈≈≈≈..# #...#.§
♣♣...##†##.#≈≈≈≈≈.%.# #...#.#
♣♣♣†##÷##.##†≈÷≈≈≈### #####.#
♣♣♣†.#≈##†≈)#°°°.%.°°○ #....)#
♣♣♣.##.##.[#°°.+##### #....P#
♣♣♣.##†#####@°°# #.....#
♣♣.....##..k°°.# #.....#
#########+###### #'##### #.....+
#.##### #.#[.P. #.#PP.. #.#....
#.#...#


You could see a death drake (inner chaos).

Vanquished Creatures
  Dowan (D)
  A fire dragon (D)
  Erolcha (D)
  An ettin (shapeshifter) (D)
  A yaktaur captain (D)
  An anaconda (shapeshifter) (D)
  2 hydras (D)
  A lindwurm (D)
  4 dancing weapons (D)
  2 centaur warriors (D)
  An orange crystal statue (D)
  An orc sorcerer (D)
  7 deep elf magi (D)
  An ugly thing (D)
  2 spiny frogs (D)
  Duvessa (D)
  A rime drake (D)
  2 tyrant leeches (D)
  A komodo dragon (D)
  A polar bear (shapeshifter) (D)
  2 orc high priests (D)
  3 wandering mushrooms (D)
  4 spriggan defenders (D)
  A shadow (D)
  5 slime creatures (D)
  A spatial vortex (D)
  5 redbacks (D)
  A swamp worm (D)
  An orc warrior (D)
  A necrophage (D)
  A swamp drake (D)
  5 two-headed ogres (D)
  A water elemental (D)
  An electric eel (D)
  4 orc priests (D)
  A jelly (D)
  4 orc wizards (D)
  A wizard (D)
  Jessica (D)
  A necromancer (D)
  3 humans (D)
  A kobold demonologist (D)
  2 oozes (D)
  A phantom (D)
  10 orcs (D)
  A rat (D)
95 creatures vanquished.

Vanquished Creatures (others)
  2 draconian scorchers (D)
  A fire dragon (D)
  6 hellions (D)
  A yaktaur (D)
  A bush (D)
  10 plants (D)
21 creatures vanquished.

Grand Total: 116 creatures vanquished

Notes
Turn   | Place    | Note
-------+----------+-------------------------------------------
     0 | D        | esc the Fairy Earth Elementalist began the quest for the
                  | Orb.
     0 | D        | Reached XP level 1. HP: 3/3 MP: 3/3
     0 | D        | Upgraded the game from 0.03.2.1-71-g8aa608150a to
                  | 0.03.2.1-72-g33da5a4ea5
     3 | D        | Reached skill level 3 in Dodging
     6 | D        | Reached skill level 4 in Dodging
     6 | D        | Reached XP level 2. HP: 3/3 MP: 3/3
    11 | D        | Noticed Jessica
    13 | D        | Killed Jessica
    13 | D        | Reached skill level 5 in Dodging
    13 | D        | Reached XP level 3. HP: 2/4 MP: 3/3
    36 | D        | Killed a yaktaur
    47 | D        | Reached skill level 6 in Dodging
    47 | D        | Reached skill level 5 in Spellcasting
    47 | D        | Reached skill level 5 in Earth Magic
    62 | D        | Noticed a water elemental
    67 | D        | Killed a water elemental
    67 | D        | Reached skill level 7 in Dodging
    67 | D        | Reached XP level 4. HP: 4/4 MP: 3/3
    99 | D        | Killed a hellion
    99 | D        | Killed a hellion
   108 | D        | Found a radiant altar of Vehumet.
   109 | D        | Found a shimmering blue altar of Sif Muna.
   109 | D        | Found an ancient bone altar of Kikubaaqudgha.
   110 | D        | Noticed a rust devil
   114 | D        | Reached skill level 8 in Dodging
   114 | D        | Reached XP level 5. HP: 4/4 MP: 3/3
   119 | D        | Killed a hellion
   120 | D        | Killed a hellion
   126 | D        | Became a worshipper of Vehumet
   134 | D        | Found a glowing silver altar of Zin.
   134 | D        | Found a glowing golden altar of the Shining One.
   134 | D        | Found a white marble altar of Elyvilon.
   135 | D        | Noticed a deep elf mage
   142 | D        | Killed a deep elf mage
   142 | D        | Reached skill level 11 in Dodging
   142 | D        | Reached XP level 6. HP: 3/5 MP: 3/3
   142 | D        | Reached XP level 7. HP: 3/5 MP: 4/4
   142 | D        | Killed a hellion
   148 | D        | Killed a white draconian scorcher
   153 | D        | Found a hide-covered altar of Uskayaw.
   153 | D        | Found a roughly hewn altar of Beogh.
   153 | D        | Found an iron altar of Okawaru.
   153 | D        | Found a bloodstained altar of Trog.
   153 | D        | Found an ornate altar of the Wu Jian Council.
   153 | D        | Noticed a human
   156 | D        | Killed a human
   156 | D        | Reached skill level 12 in Dodging
   156 | D        | Reached skill level 10 in Spellcasting
   160 | D        | Reached * piety under Vehumet
   160 | D        | Offered knowledge of Ephemeral Spirits by Vehumet.
   160 | D        | Reached skill level 10 in Earth Magic
   175 | D        | Killed a white draconian scorcher
   226 | D        | Found a basalt altar of Yredelemnul.
   226 | D        | Found a shadowy altar of Dithmenos.
   226 | D        | Found a sacrificial altar of Ru.
   226 | D        | Killed a hellion
   243 | D        | Noticed a shadow
   248 | D        | Reached ** piety under Vehumet
   248 | D        | Offered knowledge of Lesser Chaos Bolt by Vehumet.
   253 | D        | Killed a shadow
   253 | D        | Reached skill level 13 in Dodging
   253 | D        | Reached XP level 8. HP: 5/5 MP: 4/4
   259 | D        | Found a blossoming altar of Fedhas.
   259 | D        | Found a stormy altar of Qazlal.
   260 | D        | Found a snail-covered altar of Cheibriados.
   260 | D        | Found a burning altar of Makhleb.
   260 | D        | Found a hazy altar of Hepliaklqana.
   260 | D        | Found a shimmering altar of Xom.
   260 | D        | Found an opulent altar of Gozag.
   260 | D        | Found a sparkling altar of Nemelex Xobeh.
   260 | D        | Found a corrupted altar of Lugonu.
   260 | D        | Found a viscous altar of Jiyva.
   282 | D        | Offered knowledge of Well of Chaos by Vehumet.
   285 | D        | Reached *** piety under Vehumet
   299 | D        | Offered knowledge of Explosive Entropic Shard by Vehumet.
   299 | D        | Reached skill level 14 in Dodging
   305 | D        | Found Baonwon's Distillery.
   305 | D        | Noticed an orc sorcerer
   309 | D        | Reached **** piety under Vehumet
   309 | D        | Offered knowledge of Alchemize Poison by Vehumet.
   313 | D        | Killed an orc sorcerer
   313 | D        | Reached XP level 9. HP: 5/6 MP: 5/5
   320 | D        | Reached ***** piety under Vehumet
   322 | D        | Offered knowledge of Chaos Burst by Vehumet.
   338 | D        | Reached skill level 15 in Dodging
   344 | D        | Bought a potion of heal wounds for 50 gold pieces
   344 | D        | Bought a potion of heal wounds for 50 gold pieces
   344 | D        | Bought a potion of agility for 40 gold pieces
   344 | D        | Bought a potion of cancellation for 80 gold pieces
   344 | D        | Bought a potion of haste for 100 gold pieces
   344 | D        | Bought a potion of curing for 30 gold pieces
   344 | D        | Bought a potion of curing for 30 gold pieces
   378 | D        | Noticed a deep elf mage
   378 | D        | Noticed a deep elf mage
   378 | D        | Noticed a deep elf mage
   378 | D        | Noticed a deep elf mage
   378 | D        | Noticed a deep elf mage
   392 | D        | Killed a deep elf mage
   395 | D        | Killed a deep elf mage
   395 | D        | Reached ****** piety under Vehumet
   397 | D        | Killed a deep elf mage
   397 | D        | Reached skill level 16 in Dodging
   399 | D        | Killed a deep elf mage
   403 | D        | Killed a deep elf mage
   403 | D        | Reached XP level 10. HP: 5/6 MP: 5/5
   409 | D        | Noticed a deep elf demonologist
   411 | D        | Noticed a deep elf mage
   412 | D        | Noticed a deep elf demonologist
   413 | D        | Noticed a deep elf death mage
   413 | D        | Noticed a deep elf annihilator
   423 | D        | Noticed a deep elf death mage
   423 | D        | Noticed a deep elf blademaster
   428 | D        | Killed a deep elf mage
   428 | D        | Reached skill level 17 in Dodging
   429 | D        | Noticed a sun demon
   429 | D        | Noticed a sun demon
   456 | D        | Noticed a sixfirhy
   464 | D        | Gained mutation: You occasionally shout uncontrollably at
                  | your foes. [a neqoxec]
   469 | D        | Noticed an Ice Fiend
   584 | D        | Noticed a sun demon
   625 | D        | Reached skill level 15 in Spellcasting
   632 | D        | Noticed Erolcha
   637 | D        | Offered knowledge of Chaos Rope by Vehumet.
   642 | D        | Killed Erolcha
   653 | D        | Reached skill level 18 in Dodging
   669 | D        | Noticed Duvessa
   670 | D        | Noticed Dowan
   678 | D        | Killed Duvessa
   684 | D        | Killed Dowan
   684 | D        | Offered knowledge of Chaos Bolt by Vehumet.
   684 | D        | Reached skill level 15 in Earth Magic
   684 | D        | Reached XP level 11. HP: 5/6 MP: 5/6
   702 | D        | Noticed a yaktaur captain
   726 | D        | Reached skill level 19 in Dodging
   777 | D        | Noticed an orange crystal statue
   852 | D        | Killed an orange crystal statue
   889 | D        | Noticed a centaur warrior
   894 | D        | Killed a centaur warrior
   916 | D        | Noticed an anaconda
   916 | D        | a glowing shapeshifter changed into an anaconda
   918 | D        | Killed an anaconda
   918 | D        | Offered knowledge of Chaos Bolt by Vehumet.
   933 | D        | Noticed a yaktaur captain
   936 | D        | Noticed an ettin
   942 | D        | Killed an ettin
   942 | D        | Reached skill level 20 in Dodging
   945 | D        | Killed a yaktaur captain
   987 | D        | Noticed a centaur warrior
   990 | D        | Killed a centaur warrior
  1004 | D        | Noticed a fire dragon
  1021 | D        | Killed a fire dragon
  1045 | D        | Noticed a +1 halberd of distortion
  1045 | D        | Noticed a +0 scimitar of holy wrath
  1045 | D        | Noticed a +2 hatchet of molten steel
  1048 | D        | Killed a +0 scimitar of holy wrath
  1050 | D        | Noticed a harpy
  1056 | D        | Killed a +2 hatchet of molten steel
  1056 | D        | Reached skill level 21 in Dodging
  1061 | D        | Noticed a fire crab
  1061 | D        | a meliai changed into a fire crab
  1061 | D        | Noticed a +2 dire flail of crushing
  1063 | D        | a fire crab changed into a spriggan
  1064 | D        | Killed a +2 dire flail of crushing
  1070 | D        | Killed a +1 halberd of distortion
  1070 | D        | Reached XP level 12. HP: 4/7 MP: 6/6
  1114 | D        | Killed a fire dragon
  1248 | D        | Identified the cursed ring of Goit {rC+ MR- AC+5 Int+4
                  | Dex+6, (Curse: Fragile)}
  1248 | D        | Noticed Urug
  1252 | D        | Noticed Urug
  1252 | D        | Urug changed into Urug the swamp worm
  1253 | D        | Killed Urug the swamp worm
  1267 | D        | Reached skill level 22 in Dodging
  1287 | D        | Succumbed to a death drake's dark miasma

Levels and vault maps discovered:
D:        dungeon_sprint_mu [sprint_mu_entry_forest, sprint_mu_temple_rooms,
          sprint_mu_d1_spiders, sprint_mu_d2_genie, sprint_mu_d3_branching,
          sprint_mu_orc_legion, sprint_mu_elf_gauntlet, sprint_mu_hive_nellie,
          sprint_mu_lair_fedhas, sprint_mu_vaults_butterflies,
          sprint_mu_slime_circle, sprint_mu_swamp_cave, sprint_mu_snake_twists,
          sprint_mu_blade_basic, sprint_mu_crypt_fortress,
          sprint_mu_tomb_spiral, sprint_mu_vestibule_basic,
          sprint_mu_gehenna_hellfire, sprint_mu_dis_giant,
          sprint_mu_tartarus_statrot, sprint_mu_cocytus_islands, sprint_mu_zot1]

Skill      XL: |  1  2  3  4  5  6  7  8  9 10 11 12 |
---------------+-------------------------------------+-----
Dodging        | 4 5 7 8 11 13 14 16 18 21 22 | 22.1
Spellcasting   | 3 4 6 9 11 12 14 16 18 19 | 19.2
Earth Magic    | 4 6 9 10 12 13 15 17 18 | 18.0
Stealth        | |  1.4
Transmutations | |  1.0

Action                   |  1- 3 |  4- 6 |  7- 9 | 10-12 || total
-------------------------+-------+-------+-------+-------++-------
 Cast: Glitter           |    18 |    11 |    77 |   246 ||   352
 Abil: Fly               |       |     1 |       |       ||     1
  Use: Potion            |       |       |       |     3 ||     3
       Scroll            |       |       |       |     1 ||     1
  Eat: Chunk             |       |       |       |     1 ||     1
Dodge: Dodged            |     6 |     2 |    31 |   184 ||   223
